AoeStats
← miscussi

Black Forest

510650373Analyzed
2v2 RM · 1d ago on Oct 2, 2026· 44m 28s· 4 players
Game mode
Random Map
Map size
Medium (4 player)
Population
200
Speed
Normal
Resources
Standard
Victory
Conquest
Starting age
Dark Age
Ending age
Imperial Age
RankedLock teamsTeams togetherTeam positionsShared explorationLock speedFull tech treeHidden civsTurbo modeCheats
Victory
Defeat
🇺🇸 Saxons · United States
1014
+15
🇺🇸 Italians · United States
991
+17
🇨🇴 Persians · Colombia
1009
-16
🇦🇷 Khmer · Argentina
991
-16
miscussi
1:27 Loom
10:33 Feudal Age
10:59 Double-Bit Axe
13:54 Horse Collar
17:33 Castle Age
21:09 Bow Saw
24:06 Wheelbarrow
26:33 Fletching
30:59 Town Watch
32:02 Hand Cart
35:01 Imperial Age
32:48 Gold Mining
33:08 Scale Barding Armor
32:59 Bodkin Arrow
33:49 Bloodlines
35:38 Devotion
36:03 Town Patrol
37:02 Hoardings
36:50 Conscription
35:54 Elite Battle Elephant
36:50 Tusk Swords
37:08 Masonry
36:56 Murder Holes
38:03 Chemistry
37:54 Chain Barding Armor
37:45 Forging
37:49 Husbandry
41:14 Plate Barding Armor
42:07 Pikeman
42:27 Heavy Scorpion
44:32 Gold Shaft Mining
juandavid0388
6:44 Loom
12:16 Feudal Age
12:46 Double-Bit Axe
18:06 Loom
20:36 Castle Age
18:51 Gold Mining
20:26 Stone Mining
21:16 Wheelbarrow
20:30 Town Watch
21:49 Bow Saw
22:16 Gold Shaft Mining
22:28 Horse Collar
24:25 Heavy Plow
26:16 Stone Shaft Mining
32:28 Scale Barding Armor
35:39 Imperial Age
34:19 Forging
37:29 Iron Casting
37:15 Chain Barding Armor
36:35 Elite War Elephant
37:47 Conscription
38:30 Bloodlines
38:21 Husbandry
40:11 Blast Furnace
39:47 Plate Barding Armor
38:37 Cavalier
40:11 Savar
43:01 Kamandaran
The_NK
1:27 Loom
11:25 Feudal Age
17:04 Castle Age
15:17 Double-Bit Axe
15:31 Horse Collar
18:44 Bow Saw
19:30 Town Watch
21:39 Heavy Plow
24:25 Wheelbarrow
23:55 Squires
24:19 Gambesons
25:09 Redemption
26:27 Scale Mail Armor
27:56 Hand Cart
28:20 Chain Mail Armor
31:18 Imperial Age
30:22 Forging
30:04 Fletching
30:43 Gold Mining
30:46 Stone Mining
31:03 Caravan
32:09 Gold Shaft Mining
32:56 Plate Mail Armor
32:20 Elite Varangian Guard
33:23 Block Printing
34:09 Conscription
35:13 Shield Wall
35:23 Onager
39:15 Pikeman
40:20 Halberdier
42:04 Iron Casting
JohnLemond
5:42 Loom
11:58 Feudal Age
12:52 Double-Bit Axe
16:03 Castle Age
14:12 Horse Collar
22:11 Wheelbarrow
23:56 Heavy Plow
26:18 Bow Saw
28:07 Hand Cart
31:31 Imperial Age
28:50 Town Watch
28:51 Light Cavalry
30:25 Padded Archer Armor
30:33 Scale Barding Armor
30:39 Forging
30:56 Ballistics
31:24 Fletching
31:57 Masonry
32:29 Chain Barding Armor
31:33 Hussar
33:17 Chemistry
32:42 Conscription
33:26 Two-Man Saw
32:54 Bloodlines
33:15 Caravan
34:40 Gold Mining
35:33 Iron Casting
37:30 Blast Furnace
37:06 Plate Barding Armor
36:39 Bodkin Arrow
37:11 Pirotechnia
37:23 Silk Road
37:42 Husbandry
38:41 Architecture
38:37 Bombard Tower
39:19 Leather Archer Armor
39:05 Bracer
41:15 Ring Archer Armor
42:01 Guilds
Connection lost

Rejoining the realm…

Still unreachable

The connection could not be restored.

Session expired

The server has moved on; the page needs a fresh start.